 Dungeon Crawl Stone Soup version 0.26-a0-613-g4f23886233 (webtiles) character file.

Game seed: 16615428565093111622

258 DogServant the Ruffian (level 5, -4/44 HPs)
             Began as a Draconian Transmuter on Sept 11, 2020.
             Slain by a river rat (8 damage)
             ... in a sewer.
             The game lasted 00:10:03 (3293 turns).

DogServant the Ruffian (Draconian Transmuter)       Turns: 3293, Time: 00:10:06

Health: -4/44      AC:  5    Str: 14    XL:     5   Next: 94%
Magic:  9/9        EV: 12    Int: 13    God:
Gold:   155        SH:  0    Dex: 11    Spells: 9/10 levels left

rFire    . . .     SeeInvis .   i - +2 dagger (venom)
rCold    . . .     Faith    .   (no shield)
rNeg     . . .     Spirit   .   (armour unavailable)
rPois    .         Reflect  .   (helmet currently unavailable)
rElec    .         Harm     .   (no cloak)
rCorr    .                      (no gloves)
MR       .....                  (boots currently unavailable)
Stlth    +.........             e - amulet of magic regeneration
HPRegen  0.14/turn              (no ring)
MPRegen  0.36/turn              (no ring)

@: appendages
A: unfitting armour, horns 2, talons 2, cold-blooded, AC +5
a: End Transformation


You were in a sewer.
You had grown temporary horns.
You had grown temporary talons.
You visited 1 branch of the dungeon, and saw 3 of its levels.
You also visited: Sewer.

You collected 155 gold pieces.

Inventory:

Hand Weapons
 i - a +2 dagger of venom (weapon)
Armour
 a - a scarf of resistance
 b - a +0 cloak
 g - a +0 pair of boots
Jewellery
 e - an amulet of magic regeneration (around neck)
Scrolls
 c - 2 scrolls of remove curse
 f - 3 scrolls of teleportation {unknown}
 h - a scroll of enchant weapon {unknown}
 j - 3 scrolls of amnesia {unknown}
 k - a scroll of identify
 l - 2 scrolls of fear {unknown}
 m - a scroll of magic mapping {unknown}
Potions
 d - 2 potions of curing


   Skills:
 + Level 2.9 Fighting
 - Level 1.7 Dodging
 * Level 4.8 Unarmed Combat
 + Level 3.1 Spellcasting
 + Level 3.2 Transmutations


You had 9 spell levels left.
You knew the following spells:

 Your Spells              Type           Power        Failure   Level
a - Beastly Appendage     Tmut           ##....       6%          1

Your spell library contained the following spells:

 Spells                   Type           Power        Failure   Level
 Wereblood                Tmut           ##......     10%         2
 Spider Form              Tmut/Pois      #.........   34%         3
 Ice Form                 Ice/Tmut       #.......     75%         4
 Blade Hands              Tmut           ##........   86%         5


Dungeon Overview and Level Annotations

Branches:
Dungeon (3/15)              Sewer (1/1)

Altars:


Innate Abilities, Weirdness & Mutations

Your plain brown scales are hard. (AC +5)
You cannot fit into any form of body armour.
You are cold-blooded and may be slowed by cold attacks.
You have a pair of horns on your head.
You have razor-sharp toenails.


Message History

You grow a pair of large bovine horns.
Your feet morph into talons.
The river rat closely misses you.
You closely miss the river rat. You claw the river rat.
Your headbutt misses the river rat.
The river rat is lightly wounded.
The river rat bites you. The river rat barely misses you.
The river rat closely misses you.
You barely miss the river rat.
You claw the river rat, but do no damage.
The river rat is lightly wounded.
The river rat bites you but does no damage.
The river rat bites you. The river rat bites you!
* * * LOW HITPOINT WARNING * * *
You closely miss the river rat.
The river rat is lightly wounded.
The river rat bites you.
* * * LOW HITPOINT WARNING * * *
The river rat bites you but does no damage.
The river rat bites you!
You die...

#################
≈≈≈≈≈≈#≈≈≈≈≈≈≈..###
≈≈≈≈≈≈†≈≈≈≈≈≈r≈...##
≈r≈≈≈..≈≈≈≈≈≈≈r....##
≈≈≈≈≈.≈≈≈≈≈≈≈≈.rr...#
≈≈≈≈...≈≈≈≈≈≈≈.r@...#
≈≈≈≈#≈≈≈≈≈≈≈≈≈.r....#
################....#
####...## #..#....#
#..'....# #####...#
##...##
################....#


You could see 3 river rats and 3 rats.

Vanquished Creatures
  A hound (D:3)
  A worker ant (D:3)
  4 river rats (Sewer)
  8 adders
  2 oozes
  A worm (D:2)
  3 dart slugs
  A leopard gecko (D:2)
  An orc (D:3)
  4 giant cockroaches
  7 goblins
  2 hobgoblins
  4 ball pythons (Sewer)
  13 bats
  3 frilled lizards
  12 kobolds
  26 rats
93 creatures vanquished.

Notes
Turn   | Place    | Note
-------+----------+-------------------------------------------
     0 | D:1      | DogServant the Draconian Transmuter began the quest for the
                  | Orb.
     0 | D:1      | Reached XP level 1. HP: 16/16 MP: 3/3
    72 | D:1      | Reached XP level 2. HP: 9/23 MP: 3/5
   706 | D:1      | Reached XP level 3. HP: 21/29 MP: 4/6
  1577 | D:2      | Reached XP level 4. HP: 32/36 MP: 7/7
  1706 | D:2      | Reached skill level 4 in Unarmed Combat
  2466 | D:3      | Reached XP level 5. HP: 37/42 MP: 9/9
  2692 | D:3      | Found a glowing drain.
  2715 | Sewer    | Entered a sewer
  3293 | Sewer    | Slain by a river rat

Illustrated notes

Levels and vault maps discovered:
D:1:      ebering_trefoil_3fold, layout_loops_ring, serial_glass,
          glass_columns_b, glass_columns_b
D:2:      layout_basic, minivault_25
D:3:      layout_basic, cheibrodos_sewer_entry_bend
Sewer:    sewer_minmay_w

Skill      XL: |  1  2  3  4  5 |
---------------+----------------+-----
Fighting       | 2 |  2.9
Unarmed Combat | 4 |  4.8
Transmutations | 3 |  3.2
Spellcasting   | 3 |  3.1
Dodging        | |  1.7

Action                   |  1- 3 |  4- 6 || total
-------------------------+-------+-------++-------
Melee: Unarmed           |   100 |    54 ||   154
       Kick              |    16 |    17 ||    33
       Headbutt          |     8 |     9 ||    17
       Tailslap          |     8 |    10 ||    18
       Punch             |     1 |     1 ||     2
       Dagger            |       |   112 ||   112
 Cast: Beastly Appendage |    21 |    22 ||    43
  Use: Scroll            |     3 |       ||     3
 Stab: Sleeping          |     1 |       ||     1
Armor: Skin              |    51 |    72 ||   123
Dodge: Dodged            |    96 |   147 ||   243

Table legend: (Time is in decaauts)
 A = Elapsed time spent in this place.
 B = Non-inter-level travel time spent in this place.
 C = Inter-level travel time spent in this place.
 D = Time resting spent in this place.
 E = Time spent auto-exploring this place.
 F = Levels seen in this place.
 G = Mean time per level.
                   A        B        C        D        E       F      G
               +--------+--------+--------+--------+--------+-----+--------+
         Total |   3334 |   3273 |     61 |     50 |   2514 |   4 |  833.5 |
       Dungeon |   2707 |   2646 |     61 |     50 |   2068 |   3 |  902.3 |
         Sewer |    627 |    627 |      0 |      0 |    446 |   1 |  627.0 |
               +--------+--------+--------+--------+--------+-----+--------+

Top non-repeatable levels by time:
     D:2: 1109 daAuts
     D:1: 1046 daAuts
   Sewer: 627 daAuts
     D:3: 550 daAuts
